 Dungeon Crawl Stone Soup version 0.31.0-9-g3a7656b989 (webtiles) character file.

Game seed: 4333553776625342403

51 Jase the Ruffian (level 3, 0/28 HPs)
             Began as a Draconian Shapeshifter on Jan 25, 2024.
             Slain by a centaur (6 damage)
             ... on level 3 of the Dungeon.
             The game lasted 00:02:00 (1406 turns).

Jase the Ruffian (Draconian Shapeshifter)           Turns: 1406, Time: 00:02:01

Health: 0/28       AC:  5    Str: 16    XL:     3   Next: 57%
Magic:  3/3        EV: 12    Int: 10    God:
Gold:   101        SH:  0    Dex: 12    Spells: 2/2 levels left

rFire   + .          .
                       - Unarmed
rCold   . . .        (no shield)
rNeg    . . .        (body armour unavailable)
rPois   .            (helmet currently unavailable)
rElec   .            l - melded scarf {repulsion}
rCorr   .            (gloves currently unavailable)
SInv    .            (boots currently unavailable)
Will    .....        (no amulet)
Stlth   +            d - ring of protection from fire
HPRegen 0.24/turn    (no ring)
MPRegen 0.08/turn

%: no passive effects
@: beast-form
A: beast (slay +2), AC +5, unfitting armour, cold-blooded
a: Begin Untransformation


You were on level 3 of the Dungeon.
You were a hulking beast.
You visited 1 branch of the dungeon, and saw 3 of its levels.

You collected 101 gold pieces.

Inventory:

Armour
 l - a scarf of repulsion (melded)
 o - an orb of light
Jewellery
 d - a ring of protection from fire (left hand)
Talismans
 b - a beast talisman (active)
 c - a flux talisman
Wands
 n - a wand of acid (10)
Scrolls
 e - a scroll of noise {unknown}
 g - 2 scrolls of teleportation {unknown}
 j - 2 scrolls of identify {unknown}
 p - a scroll of fear {unknown}
Potions
 a - 2 potions of lignification
 f - a potion of berserk rage {unknown}
 h - a potion of magic {unknown}
 i - a potion of curing {unknown}
 k - 2 potions of enlightenment {unknown}
 m - a potion of attraction {unknown}


   Skills:
 - Level 1.1 Fighting
 - Level 1.7 Dodging
 + Level 3.9 Unarmed Combat
 + Level 3.7 Shapeshifting


You had 2 spell levels left.
You didn't know any spells.
Your spell library was empty.

Dungeon Overview and Level Annotations

Branches:
Dungeon (3/15)

Altars:


Innate Abilities, Weirdness & Mutations

You are a hulking beast.
Your limbs bulge with bestial killing power. (Slay +2)
Your plain brown scales are hard. (AC +5)
You cannot fit into any form of body armour.
You are cold-blooded and may be slowed by cold attacks.


Message History

You kill the orc!
You hit the orc. You punch the orc.
You kill the orc!
The bat hits you but does no damage.
You closely miss the bat.
Your tail-slap misses the bat.
The bat barely misses you.
A ball python comes into view.
The bat hits you but does no damage.
You closely miss the bat.
The ball python hisses angrily.
You tail-slap the bat.
You kill the bat!
You completely miss the ball python.
You tail-slap the ball python, but do no damage.
The ball python barely misses you. The ball python grabs you.
The ball python constricts you.
You hit the ball python.
You kill the ball python!
You start resting.
HP restored.
The centaur shouts!
You hear an angry hiss.
The centaur wields a +0 shortbow.
The centaur shoots an arrow.
The arrow hits you!
Ouch! That really hurt!
You start resting.
A centaur is nearby!
The centaur shoots an arrow.
The arrow hits you.
The centaur shoots an arrow.
The arrow hits you.
* * * LOW HITPOINT WARNING * * *
A frilled lizard and an endoplasm come into view.
The frilled lizard hisses angrily.
The endoplasm quivers.
The centaur unwields a +0 shortbow.
The centaur hits you but does no damage.
The centaur kicks you.
* * * LOW HITPOINT WARNING * * *
You barely miss the centaur. The centaur misses you.
The centaur barely misses you.
You hit the centaur but do no damage. The centaur hits you.
You die...

........##
#.....#.#
........#####
........##..
.....)..##.#
#.<...#.##.#
##.........####.#
######..........
#ch..####.
..J.....#..##
.#.##l####.†# ...
##)# ....# .#
..... .. .....
... .... ##.# .#


You could see a centaur, an endoplasm and a frilled lizard.

Vanquished Creatures
  3 dart slugs
  4 orcs (D:3)
  5 ball pythons
  2 endoplasms (D:1)
  A giant cockroach (D:1)
  3 goblins
  5 hobgoblins
  3 quokkas
  6 bats
  A frilled lizard (D:1)
  2 kobolds
  3 rats (D:2)
38 creatures vanquished.

Notes
Turn   | Place    | Note
-------+----------+-------------------------------------------
     0 | D:1      | Jase the Draconian Shapeshifter began the quest for the
                  | Orb.
     0 | D:1      | Reached XP level 1. HP: 16/16 MP: 1/1
   171 | D:1      | Reached XP level 2. HP: 23/23 MP: 2/2
   819 | D:2      | Reached XP level 3. HP: 26/28 MP: 3/3
  1379 | D:3      | Noticed a centaur
  1406 | D:3      | Slain by a centaur

Illustrated notes

Levels and vault maps discovered:
D:1:      ldierk_walled_garden_2, layout_loops_ring
D:2:      layout_loops_ring
D:3:      layout_rooms

Action                     || total
---------------------------++-------
  Melee: Unarmed           ||   105
         Tailslap          ||    10
         Punch             ||     2
Ability: Begin Untransform ||     1
   Stab: Sleeping          ||     2
 Armour: Skin              ||    48
  Dodge: Dodged            ||    56
   Form: Beast             ||     1
